 Seeded DCSS version 0.29-a0-25-g7f48f510a0 (webtiles) character file.

Game seed: 10000000000011 (custom seed)

3440 knot the Cleaver (level 9, -2/63 HPs)
             Began as a Demonspawn Berserker on Jan 31, 2022.
             Was a Believer of Trog.
             Slain by Prince Ribbit (10 damage)
             ... on level 8 of the Dungeon.
             The game lasted 00:11:44 (9690 turns).

knot the Cleaver (Demonspawn Berserker)             Turns: 9690, Time: 00:11:44

Health: -2/63      AC:  2    Str: 17    XL:     9   Next: 77%
Magic:  0/9        EV: 12    Int: 13    God:    Trog [**....]
Gold:   453        SH:  0    Dex: 13    Spells: 8/8 levels left

rFire   . . .      SeeInvis .   q - +0 war axe
rCold   . . .      Faith    .   (no shield)
rNeg    . . .      Spirit   +   b - +0 animal skin
rPois   .          Reflect  .   (no helmet)
rElec   .          Harm     .   (no cloak)
rCorr   .          Rampage  .   (gloves unavailable)
Will    .....                   (no boots)
Stlth   +.........              (no amulet)
HPRegen 0.20/turn               (no ring)
MPRegen 0.22/turn               (no ring)

@: on berserk cooldown, slowed, very slow
A: powered by death 1, magic shield, magic regeneration, demonic touch 3
a: Renounce Religion, Berserk, Trog's Hand


You were on level 8 of the Dungeon.
You worshipped Trog.
Trog was pleased with you.
You visited 2 branches of the dungeon, and saw 9 of its levels.

You collected 453 gold pieces.

Inventory:

Hand Weapons
 q - a +0 war axe (weapon)
Missiles
 f - 194 stones
 j - 5 poisoned darts (quivered)
 p - 9 boomerangs
 x - 22 sling bullets
Armour
 b - a +0 animal skin (worn)
 w - a +0 robe of cold resistance
Jewellery
 d - an amulet of reflection
Wands
 n - a wand of polymorph (12)
 t - a wand of iceblast (6)
Scrolls
 a - 2 scrolls of teleportation {unknown}
 c - a scroll of amnesia {unknown}
 g - 3 scrolls of identify {unknown}
 m - a scroll of blinking
 o - a scroll of fog {unknown}
 s - 2 scrolls of holy word {unknown}
 v - a scroll of magic mapping {unknown}
Potions
 e - 5 potions of curing {unknown}
 h - a potion of lignification {unknown}
 i - a potion of might {unknown}
 k - a potion of magic {unknown}
 r - a potion of brilliance {unknown}
 u - 2 potions of resistance {unknown}


   Skills:
 - Level 3.0 Fighting
 + Level 13.0 Axes
 - Level 1.7 Armour
 - Level 1.7 Dodging


You had 8 spell levels left.
You didn't know any spells.
Your spell library contained the following spells:

 Spells                   Type           Power      Damage    Failure   Level
 Corpse Rot               Necr/Air       0%         N/A       43%         2
 Ensorcelled Hibernation  Hex/Ice        0%         N/A       43%         2
 Passwall                 Tmut/Erth      0%         N/A       43%         2
 Poisonous Vapours        Pois/Air       0%         N/A       43%         2
 Ozocubu's Armour         Ice            0%         N/A       67%         3
 Swiftness                Air            0%         N/A       67%         3
 Tukima's Dance           Hex            0%         N/A       67%         3
 Anguish                  Hex/Necr       0%         N/A       97%         4
 Metabolic Englaciation   Hex/Ice        0%         N/A       100%        5
 Simulacrum               Ice/Necr       0%         N/A       100%        6
 Enfeeble                 Hex            0%         N/A       100%        7


Dungeon Overview and Level Annotations

Branches:
Dungeon (8/15)             Temple (1/1) D:4
   Lair: D:8-11

Altars:
Elyvilon
Nemelex Xobeh
Okawaru
Qazlal
Ru
Uskayaw
Xom

Shops:
D:3 [

Annotations:
D:4 Dowan
D:8 Prince Ribbit


Innate Abilities, Weirdness & Mutations

You regenerate a little health from kills.
When hurt, damage is shared between your health and your magic reserves.
You regenerate magic rapidly.
Your touch may irresistibly damage your foes and sap their willpower.


Message History

Your Axes skill increases to level 13!
No target in view!
No target in view!
You start resting.
You feel a strong urge to attack something.
You start resting.
You are no longer berserk.
You are exhausted.
You feel yourself slow down.
You start resting.
Prince Ribbit comes into view.
Prince Ribbit blinks!
Prince Ribbit moves out of view.
You start resting.
Magic restored.
Prince Ribbit is nearby!
v - a scroll labelled UHECRIOVV FOHI Prince Ribbit croaks regally.
Prince Ribbit hits you but does no damage.
Prince Ribbit hits you!
Prince Ribbit blinks!
There is a stone staircase leading down here.
Prince Ribbit hits you!
You closely miss Prince Ribbit. Your touch misses Prince Ribbit.
Prince Ribbit hits you! Prince Ribbit closely misses you.
Prince Ribbit barely misses you.
Prince Ribbit blinks!
Prince Ribbit hits you! Prince Ribbit closely misses you.
Prince Ribbit blinks!
Prince Ribbit blinks!
Prince Ribbit croaks regally.
Prince Ribbit hops awkwardly around.
Prince Ribbit hits you.
Prince Ribbit lets out a mournful croak.
Prince Ribbit hits you!!
* * * LOW HITPOINT WARNING * * *
Unknown command.
It was a potion of heal wounds.
You feel much better. Prince Ribbit hits you!
* * * LOW HITPOINT WARNING * * *
Prince Ribbit hits you!
You die...

#.# ##.."# # ##.##
####.## #..###...####
#....# #....(......#
#.#### #)..##.# #.#
##.###.# #.# #.# #.#
#.# #F# #.# #.#
#.####@###.# #.#
#.....>.##.######.#####
######..##.##..........
#............#####
#........#####
##########


You could see Prince Ribbit.

Vanquished Creatures
  Erica (D:8)
  Joseph (D:7)
  A kobold demonologist (D:5)
  A spriggan (D:5)
  A water moccasin (D:8)
  A black bear (D:5)
  A necrophage (D:6)
  An ice beast (D:7)
  4 ogres
  A phantom (D:6)
  A kobold brigand (D:7)
  6 scorpions
  2 wyvern zombies (D:7)
  A bullfrog (D:8)
  A wyvern skeleton (D:7)
  5 wights (D:7)
  A centaur zombie (D:5)
  An orc priest (D:4)
  3 hounds
  A jelly (D:6)
  2 bullfrog skeletons
  3 centaur skeletons
  Ijyb (D:3)
  An orc wizard (D:7)
  A scorpion zombie (D:5)
  7 adders
  A shadow imp (D:7)
  A white imp (D:5)
  14 orcs
  7 bats
  6 endoplasms
  2 giant cockroaches
  5 goblins
  5 hobgoblins
  14 jackals
  A quokka (D:4)
  4 ball pythons
  5 frilled lizards
  7 kobolds
  5 rats
127 creatures vanquished.

Notes
Turn   | Place    | Note
-------+----------+-------------------------------------------
     0 | D:1      | knot the Demonspawn Berserker began the quest for the Orb.
     0 | D:1      | Reached XP level 1. HP: 18/18 MP: 1/1
   151 | D:1      | Reached skill level 3 in Axes
   189 | D:1      | Gained mutation: You regenerate magic rapidly. [demonic
                  | ancestry]
   189 | D:1      | Reached XP level 2. HP: 24/24 MP: 2/2
   452 | D:1      | You fall into a shaft and drop 1 floor!
   544 | D:2      | Gained mutation: Your touch may inflict minor irresistible
                  | damage on your foes. [demonic ancestry]
   544 | D:2      | Reached XP level 3. HP: 29/29 MP: 3/3
   883 | D:1      | Reached skill level 4 in Axes
   890 | D:1      | Reached ** piety under Trog
  1914 | D:2      | Reached XP level 4. HP: 35/35 MP: 4/4
  2309 | D:3      | Noticed an ogre
  2319 | D:3      | Killed an ogre
  2320 | D:3      | Reached skill level 5 in Axes
  2320 | D:3      | Reached XP level 5. HP: 41/41 MP: 5/5
  2674 | D:3      | Found Daocsar's Antique Armour Emporium.
  3275 | D:4      | Reached skill level 6 in Axes
  3275 | D:4      | Gained mutation: Your touch may inflict irresistible damage
                  | on your foes. [demonic ancestry]
  3275 | D:4      | Reached XP level 6. HP: 47/47 MP: 6/6
  3417 | D:4      | Found a staircase to the Ecumenical Temple.
  3571 | D:4      | Noticed Ijyb
  3574 | D:4      | Noticed Dowan
  3620 | D:3      | Killed Ijyb
  3709 | D:4      | Noticed Dowan
  3709 | D:4      | Dowan changed into Dowan the boggart
  3709 | D:4      | Noticed Duvessa
  3954 | D:4      | Noticed Duvessa
  3954 | D:4      | Duvessa changed into Duvessa the scorpion
  3957 | D:4      | Killed Duvessa the scorpion
  3983 | Temple   | Entered the Ecumenical Temple
  4888 | D:5      | Entered Level 5 of the Dungeon
  4897 | D:5      | Noticed a kobold demonologist
  5004 | D:5      | Noticed a soul eater
  5151 | D:5      | Noticed an ice devil
  5152 | D:5      | Noticed an ice devil
  5155 | D:5      | Noticed a sun demon
  5198 | D:5      | Killed a kobold demonologist
  5199 | D:5      | Reached skill level 7 in Axes
  5199 | D:5      | Gained mutation: When hurt, damage is shared between your
                  | health and your magic reserves. [demonic ancestry]
  5199 | D:5      | Reached XP level 7. HP: 52/52 MP: 7/7
  5295 | D:5      | Noticed a spriggan
  5308 | D:5      | Killed a spriggan
  5309 | D:5      | Reached skill level 8 in Axes
  5811 | D:5      | Reached skill level 9 in Axes
  5811 | D:5      | Gained mutation: You regenerate a little health from kills.
                  | [demonic ancestry]
  5811 | D:5      | Reached XP level 8. HP: 58/58 MP: 8/8
  5932 | D:5      | Found a hide-covered altar of Uskayaw.
  6663 | D:6      | Reached skill level 10 in Axes
  7575 | D:6      | Found an iron altar of Okawaru.
  8268 | D:6      | Found a sparkling altar of Nemelex Xobeh.
  8268 | D:6      | Found a shimmering altar of Xom.
  8487 | D:7      | Reached skill level 11 in Axes
  8488 | D:7      | Gained mutation: Your touch may irresistibly damage your
                  | foes and sap their willpower. [demonic ancestry]
  8488 | D:7      | Reached XP level 9. HP: 63/63 MP: 7/9
  8990 | D:7      | Noticed Joseph
  9005 | D:7      | Killed Joseph
  9006 | D:7      | Reached skill level 12 in Axes
  9131 | D:7      | Found a sacrificial altar of Ru.
  9656 | D:8      | Noticed Erica
  9664 | D:8      | Killed Erica
  9665 | D:8      | Reached skill level 13 in Axes
  9669 | D:8      | Noticed Prince Ribbit
  9690 | D:8      | Slain by Prince Ribbit

Illustrated notes

Levels and vault maps discovered:
D:1:      lordsloth_arrival_two_stooges, layout_basic, grunt_decor_fettered,
          minmay_misc_feat_diagonals, nicolae_concentric_dashed_squares_wild
D:2:      layout_rooms, hangedman_decor_clover_reticule
D:3:      layout_basic, serial_shops, shop, kennysheep_path_1
D:4:      layout_rooms, temple_doors_e, uniq_duvessa, uniq_ijyb
D:5:      layout_loops_cross, nicolae_uskayaw_suspiria, item_on_display_a
D:6:      layout_rooms, nicolae_overflow_hidden_temple, grunt_ministairs_6
D:7:      layout_loops_ring, nicolae_ru_awakened_eye, palyth_stone_intersect,
          minmay_misc_feat_alley, minivault_27, uniq_joseph
D:8:      layout_loops_ring, ebering_ghost_disaster_area,
          nicolae_shop_self_help, uniq_harold, uniq_erica, uniq_prince_ribbit1
Temple:   dshaligram_water_room_temple

Skill      XL: |  1  2  3  4  5  6  7  8  9 |
---------------+----------------------------+-----
Axes           | 3 4 5 6 7 9 11 13 | 13.0
Fighting       | |  3.0
Armour         | |  1.7
Dodging        | |  1.7

Action                   |  1- 3 |  4- 6 |  7- 9 || total
-------------------------+-------+-------+-------++-------
Melee: Hand axe          |   109 |    74 |       ||   183
       Touch             |    10 |    18 |    33 ||    61
       Punch             |       |     2 |       ||     2
       War axe           |       |     6 |   151 ||   157
Throw: Dart              |       |     2 |     5 ||     7
       Boomerang         |       |     2 |    27 ||    29
Invok: Berserk           |     3 |    10 |    14 ||    27
       Trog's Hand       |       |     1 |     1 ||     2
Evoke: Wand              |       |     3 |     5 ||     8
  Use: Scroll            |       |       |     1 ||     1
       Potion            |       |       |     1 ||     1
 Stab: Sleeping          |     2 |     1 |       ||     3
Armor: Animal skin       |    29 |    12 |    12 ||    53
Dodge: Dodged            |    75 |    51 |    87 ||   213

Table legend: (Time is in decaauts)
 A = Elapsed time spent in this place.
 B = Non-inter-level travel time spent in this place.
 C = Inter-level travel time spent in this place.
 D = Time resting spent in this place.
 E = Time spent auto-exploring this place.
 F = Levels seen in this place.
 G = Mean time per level.
                   A        B        C        D        E       F      G
               +--------+--------+--------+--------+--------+-----+--------+
         Total |   9981 |   9609 |    372 |   4616 |   3867 |   9 | 1109.0 |
       Dungeon |   9647 |   9275 |    372 |   4290 |   3867 |   8 | 1205.9 |
        Temple |    334 |    334 |      0 |    326 |      0 |   1 |  334.0 |
               +--------+--------+--------+--------+--------+-----+--------+

Top non-repeatable levels by time:
     D:5: 1759 daAuts
     D:6: 1464 daAuts
     D:7: 1340 daAuts
     D:4: 1329 daAuts
     D:3: 1310 daAuts
     D:1: 1122 daAuts
     D:2: 1101 daAuts
  Temple: 334 daAuts
     D:8: 219 daAuts
